 Dungeon Crawl Stone Soup version 0.29.1-12-g30fa7ad0bf (webtiles) character file.

Game seed: 563572452566522089

1603 Coaxmetal the Digger (level 8, -7/48 HPs)
             Began as a Gargoyle Earth Elementalist on Dec 17, 2022.
             Was an Initiate of Vehumet.
             Mangled by an orc warrior
             ... wielding a +0 dire flail
              (11 damage)
             ... on level 7 of the Dungeon.
             The game lasted 00:11:17 (7258 turns).

Coaxmetal the Digger (Gargoyle Earth Elementalist)  Turns: 7258, Time: 00:11:17

Health: -7/48      AC: 11    Str: 12      XL:     8   Next: 94%
Magic:  6/14       EV: 12    Int: 18      God:    Vehumet [......]
Gold:   336        SH:  0    Dex:  6 (10) Spells: 7/16 levels left

rFire   . . .      SeeInvis .   q - +2 mace (protect)
rCold   . . .      Faith    .   (no shield)
rNeg    + . .      Spirit   .   E - +0 steam dragon scales
rPois   ∞          Reflect  .   (no helmet)
rElec   +          Harm     .   (no cloak)
rCorr   .          Rampage  .   (no gloves)
Will    .....                   (no boots)
Stlth   +.........              (no amulet)
HPRegen 0.16/turn               (no ring)
MPRegen 0.14/turn               (no ring)

@: no status effects
A: sickness immunity, AC +5, negative energy resistance 1, electricity
resistance, torment resistance 1, petrification resistance
a: Renounce Religion


You were on level 7 of the Dungeon.
You worshipped Vehumet.
Vehumet was noncommittal.
You visited 2 branches of the dungeon, and saw 8 of its levels.

You collected 336 gold pieces.

Inventory:

Hand Weapons
 q - a +2 mace of protection (weapon)
Missiles
 g - 18 stones (quivered)
 n - 3 poisoned darts
Armour
 j - a scarf of harm
 r - a +0 tower shield
 E - +0 steam dragon scales (worn)
 F - the +1 chain mail of Perfidy {rPois rF- Regen+ SInv}
   (You found it on level 7 of the Dungeon)

   rF:        It makes you vulnerable to fire.
   rPois:     It protects you from poison.
   SInv:      It lets you see invisible.
   Regen:     It increases your rate of health regeneration.
Wands
 m - a wand of digging (3)
 o - a wand of flame (12)
 w - a wand of polymorph (13)
 C - a wand of mindburst (6)
Scrolls
 f - 2 scrolls of magic mapping {unknown}
 h - 4 scrolls of teleportation {unknown}
 i - a scroll of blinking {unknown}
 k - a scroll of fog {unknown}
 l - a scroll of fear {unknown}
 s - 4 scrolls of identify {unknown}
 t - a scroll of noise {unknown}
 v - a scroll of acquirement {unknown}
 x - a scroll of enchant weapon {unknown}
 y - 2 scrolls of summoning {unknown}
 D - 3 scrolls of amnesia {unknown}
Potions
 a - a potion of brilliance {unknown}
 c - 3 potions of heal wounds {unknown}
 e - a potion of invisibility {unknown}
 p - a potion of cancellation {unknown}
 u - 2 potions of curing
 z - a potion of flight {unknown}
 A - a potion of mutation {unknown}
 B - a potion of degeneration {unknown}


   Skills:
 + Level 4.4 Fighting
 + Level 3.7 Maces & Flails
 + Level 4.3 Armour
 + Level 3.8 Dodging
 - Level 2.1 Stealth
 + Level 4.5 Spellcasting
 - Level 3.0 Conjurations
 + Level 1.4 Necromancy
 - Level 0.7 Transmutations
 + Level 5.6 Earth Magic


You had 7 spell levels left.
You knew the following spells:

 Your Spells              Type           Power      Damage    Failure   Level
a - Sandblast             Erth           48%        2d12      1%          1
b - Stone Arrow           Conj/Erth      38%        3d9       7%          3
c - Borgnjor's Vile Clut  Necr/Erth      8%         N/A       65%         5

Your spell library contained the following spells:

 Spells                   Type           Power      Damage    Failure   Level
 Passwall                 Tmut/Erth      12%        N/A       6%          2
 Apportation              Tloc           8%         N/A       14%         1
 Petrify                  Tmut/Erth      15%        N/A       36%         4
 Alistair's Intoxication  Tmut/Pois      3%         N/A       98%         5
 Eringya's Noxious Bog    Tmut/Pois      2%         N/A       100%        6


Dungeon Overview and Level Annotations

Branches:
Dungeon (7/15)             Temple (1/1) D:5

Altars:
Ashenzari
Cheibriados
Dithmenos
Fedhas
Gozag
Hepliaklqana
Kikubaaqudgha
Makhleb
Nemelex Xobeh
Okawaru
Qazlal
Ru
Sif Muna
Trog
Uskayaw
Vehumet
Wu Jian
Zin
The Shining One

Shops:
D:2 (

Annotations:
D:2 1 runed translucent door, Crazy Yiuf
D:6 Blork the orc
D:7 4 runed translucent doors


Innate Abilities, Weirdness & Mutations

You are immune to sickness and miasma.
Your stone body is resilient. (AC +5)
You are immune to poison.
You resist negative energy. (rN+)
You are resistant to electric shocks. (rElec)
You are resistant to unholy torment.
You are immune to petrification.


Message History

Press: ? - help, Shift-Dir - straight line, f/p - orc warrior
Aim: an orc warrior, wielding a +0 dire flail and wearing a +0 plate armour (severely wounded, 68% to hit)
The puff of flame hits the orc warrior.
The orc warrior is severely wounded.
Casting: Sandblast (safe; 1% risk of failure)
Confirm with . or Enter, or press ? or * to list all spells.
Aiming: Sandblast (safe; 1% risk of failure)
Press: ? - help, Shift-Dir - straight line, f/p - orc warrior
Aim: an orc warrior, wielding a +0 dire flail and wearing a +0 plate armour (severely wounded, 83% to hit)
The blast of sand hits the orc warrior but does no damage.
The orc warrior is severely wounded.
The orc warrior hits you with a +0 dire flail!
* * * LOW HITPOINT WARNING * * *
The orc warrior attacks as you move away!
The orc warrior hits you with a +0 dire flail.
* * * LOW HITPOINT WARNING * * *
The orc warrior attacks as you move away!
The orc warrior barely misses you.
You feel better.
The orc warrior attacks as you move away!
The orc warrior barely misses you.
The orc warrior attacks as you move away!
The orc warrior misses you.
You hear some strange, mumbled words.
Something tries to affect you, but you resist.
An orc wizard appears from thin air!
Reactivating autopickup.
The orc wizard mumbles some strange words.
The orc wizard flickers and vanishes!
Deactivating autopickup; reactivate with Ctrl-A.
The orc warrior hits you with a +0 dire flail!
* * * LOW HITPOINT WARNING * * *
The orc warrior attacks as you move away!
The orc warrior hits you but does no damage.
The orc warrior attacks as you move away!
The orc warrior hits you with a +0 dire flail!
* * * LOW HITPOINT WARNING * * *
The orc warrior attacks as you move away!
The orc warrior hits you with a +0 dire flail!
You die...

#.....+.....# #.....#.....
#.....#.....# #.....#.....
#.....#.....# #.....#..†..
###'###.....#+########...###..##'
#...####+#..........########..##.
.........+..........# #....#.
.........#..........# #....'.
.........#..........# #.<..#.
#...###+##.....o@...#######...##.
#...##....[..#######......#+#####
.....#.......#.....#......# #..
.....#.......'.....#......# #..
.....#.......#.....#......# #..
..o..#.......#.....'......# #..
#....#.......#.....#......# #..
#............#.##..#......#####..
#####################...........#


You could see an orc warrior.

Vanquished Creatures
  Sigmund (D:3)
  A steam dragon (D:7)
  Menkaure (D:4)
  A water moccasin (D:7)
  An ogre (D:5)
  A centaur (D:7)
  2 phantoms
  A necrophage (D:5)
  2 scorpions (D:5)
  A quasit (D:7)
  2 hounds
  A jelly (D:6)
  An orc priest (D:5)
  Jessica (D:3)
  Ijyb (D:3)
  6 iguanas
  An orc wizard (D:3)
  4 gnolls (D:7)
  5 adders
  A shadow imp (D:5)
  A white imp (D:5)
  3 worms
  4 dart slugs
  19 orcs
  6 endoplasms
  A giant cockroach (D:1)
  9 hobgoblins
  11 quokkas
  7 ball pythons
  9 bats
  4 frilled lizards
  6 goblins
  8 kobolds
  4 rats
127 creatures vanquished.

Notes
Turn   | Place    | Note
-------+----------+-------------------------------------------
     0 | D:1      | Coaxmetal the Gargoyle Earth Elementalist began the quest
                  | for the Orb.
     0 | D:1      | Reached XP level 1. HP: 10/10 MP: 3/3
   266 | D:1      | Reached XP level 2. HP: 16/16 MP: 3/5
   383 | D:1      | Reached skill level 4 in Earth Magic
   519 | D:1      | Found a faded altar of an unknown god.
   621 | D:1      | Reached XP level 3. HP: 20/20 MP: 3/6
   815 | D:1      | Reached skill level 1 in Fighting
  1098 | D:2      | Reached skill level 1 in Armour
  1297 | D:2      | Reached XP level 4. HP: 25/25 MP: 5/7
  1354 | D:2      | Found a runed translucent door.
  1355 | D:2      | Noticed Crazy Yiuf
  1621 | D:2      | Found Xuablaho's Weapon Shop.
  1816 | D:3      | Noticed Ijyb
  1821 | D:3      | Killed Ijyb
  1898 | D:3      | Learned a level 3 spell: Stone Arrow
  1915 | D:3      | Found a hazy altar of Hepliaklqana.
  1970 | D:2      | HP: 1/25 [orc/+0 mace (4)]
  2217 | D:3      | Reached XP level 5. HP: 29/29 MP: 3/8
  2435 | D:3      | Noticed Jessica
  2439 | D:3      | Killed Jessica
  2440 | D:3      | Reached skill level 1 in Maces & Flails
  2560 | D:3      | Noticed Sigmund
  2565 | D:3      | Killed Sigmund
  2566 | D:3      | Reached skill level 1 in Conjurations
  2566 | D:3      | Reached skill level 5 in Earth Magic
  2566 | D:3      | Reached XP level 6. HP: 23/35 MP: 5/10
  4191 | D:4      | Noticed Menkaure
  4205 | D:4      | Killed Menkaure
  4206 | D:4      | Reached XP level 7. HP: 32/40 MP: 9/12
  4546 | D:5      | Entered Level 5 of the Dungeon
  4668 | D:5      | Found a staircase to the Ecumenical Temple.
  4697 | Temple   | Entered the Ecumenical Temple
  4907 | Temple   | Became a worshipper of Vehumet
  5050 | D:5      | Found an ancient bone altar of Kikubaaqudgha.
  5156 | D:5      | Reached XP level 8. HP: 43/46 MP: 4/13
  5261 | D:5      | Found a sparkling altar of Nemelex Xobeh.
  5515 | D:5      | Learned a level 5 spell: Borgnjor's Vile Clutch
  6139 | D:6      | Noticed Blork the orc
  6318 | D:7      | Reached skill level 1 in Necromancy
  6483 | D:7      | Found a large runed translucent door.
  6484 | D:7      | Found a large runed translucent door.
  6484 | D:7      | Noticed a cyclops
  6486 | D:7      | Found a large runed translucent door.
  6486 | D:7      | Found a large runed translucent door.
  6488 | D:7      | Noticed a kobold demonologist
  6660 | D:7      | Identified the +1 chain mail of Perfidy {rPois rF- Regen+
                  | SInv}
  7258 | D:7      | Mangled by an orc warrior

Illustrated notes

Levels and vault maps discovered:
D:1:      minmay_arrival_arboretum_small, layout_loops_cross,
          basic_ecumenical_altar
D:2:      layout_basic, serial_shops, shop, serial_park_tiny_1,
          grunt_decor_junction, uniq_crazy_yiuf_cottage
D:3:      kb_forest_paths, layout_loops_ring,
          mainiacjoe_overflow_small_starburst, minmay_misc_feat_roman,
          uniq_sigmund, uniq_ijyb, uniq_jessica
D:4:      layout_layer_cave, uniq_menkaure
D:5:      layout_loops_ring, nemelex_diamond_rough_becter,
          nicolae_kikubaaqudgha_miasma_corner, temple_fountains,
          grunt_tough_drop
D:6:      cheibrodos_quashed, layout_loops_ring, gammafunk_ghost_arena,
          uniq_blork_the_orc
D:7:      layout_gridville, minmay_hollow_rounded_squares, uniq_maggie,
          uniq_duvessa
Temple:   nicolae_temple_bog_church

Skill      XL: |  1  2  3  4  5  6  7  8 |
---------------+-------------------------+-----
Earth Magic    | 4 5 |  5.6
Fighting       | 1 2 3 4 |  4.4
Armour         | 1 2 3 4 |  4.3
Dodging        | 2 3 |  3.8
Maces & Flails | 1 2 3 |  3.7
Spellcasting   | 3 4 |  4.5
Conjurations   | 1 2 3 |  3.0
Necromancy     | 1 |  1.4
Stealth        | |  2.1
Transmutations | |  0.7

Action                   |  1- 3 |  4- 6 |  7- 9 || total
-------------------------+-------+-------+-------++-------
Melee: Dagger            |    20 |       |       ||    20
       Whip              |       |     3 |       ||     3
       Mace              |       |    10 |     1 ||    11
Throw: Dart              |       |    11 |     6 ||    17
       Stone             |       |       |     8 ||     8
 Cast: Sandblast         |    47 |    84 |    77 ||   208
       Stone Arrow       |       |       |    18 ||    18
Evoke: Wand              |       |     1 |     4 ||     5
  Use: Potion            |       |     3 |     1 ||     4
 Stab: Sleeping          |     2 |       |       ||     2
Armor: Robe              |    15 |     6 |       ||    21
       Leather armour    |       |    14 |    55 ||    69
       Steam dragon scal |       |       |    13 ||    13
Dodge: Dodged            |    27 |    31 |    81 ||   139
